 Dungeon Sprint DCSS version 0.24-a0-536-gdd4cf15 (webtiles) character file.

Game seed: 9751341691934578215

29883 Faca the Crack Shot (level 13, -2/127 HPs)
             Began as a Centaur Hunter on Aug 12, 2019.
             Was the Champion of the Shining One.
             Slain by a wandering mushroom (7 damage)
             ... summoned by a curse toe
             ... in the Dungeon (Sprint V: "Ziggurat Sprint").
             The game lasted 00:16:37 (2065 turns).

Faca the Crack Shot (Centaur Hunter)                Turns: 2065, Time: 00:16:38

Health: -2/127     AC: 18    Str: 32    XL:     13   Next: 17%
Magic:  0/23       EV: 12    Int: 10    God:    the Shining One [******]
Gold:   0          SH:  0    Dex: 12    Spells: 12/12 levels left

rFire    + . .     SeeInvis +   K - +9 lance "Wyrmbane" {slay drac, rPois rF+ rC+ AC+3}
rCold    + + .     Gourm    .   (no shield)
rNeg     + + +     Faith    .   m - +5 storm dragon scales
rPois    +         Spirit   +   b - +2 hat of the Bear Spirit {Spirit, +Rage rN+ MR++}
rElec    +         Reflect  .   (no cloak)
rCorr    .         Harm     .   (no gloves)
MR       ++...     NoTele   +   (no barding)
Stlth    ..........             n - amulet of the acrobat
HPRegen  0.31/turn              I - +6 ring of strength
MPRegen  0.18/turn              r - ring "Icuiwnaz" {rC+ Str+6 Dex+2 SInv}

@: corroded, slowed, glowing, studying 2 skills
A: large, hooves 3, deformed body, speed 2, tough skin 3
a: Divine Shield, Cleansing Flame, Summon Divine Warrior, Brand Weapon With Holy
Wrath, Renounce Religion, Evoke Berserk Rage


You were in the Dungeon.
You worshipped the Shining One.
The Shining One was exalted by your worship.
You were hungry.

You visited 1 branch

Inventory:

Hand Weapons
 K - the +9 lance "Wyrmbane" (weapon) {slay drac, rPois rF+ rC+ AC+3}
   (You found it in the Dungeon)

   It affects your AC (+3).
   It protects you from fire.
   It protects you from cold.
   It protects you from poison.
 L - the +8 storm bow {elec, penet}
   (You found it in the Dungeon)

   It charges the ammunition it shoots with electricity; occasionally upon a
   hit, such missiles may discharge and cause terrible harm.
   Ammo fired by it will pass through the targets it hits, potentially hitting
   all targets in its path until it reaches maximum range.
Missiles
 d - 1024 arrows
Armour
 b - the +2 hat of the Bear Spirit (worn) {Spirit, +Rage rN+ MR++}
   (You found it in the Dungeon)

   It protects you from negative energy.
   It affects your resistance to hostile enchantments.
   It lets you go berserk.
 l - +5 shadow dragon scales
 m - +5 storm dragon scales (worn)
Jewellery
 c - an uncursed ring of protection from cold
 n - an amulet of the acrobat (around neck)
 r - the ring "Icuiwnaz" (right hand) {rC+ Str+6 Dex+2 SInv}
   (You found it in the Dungeon)

   [ring of see invisible]

   It affects your strength (+6).
   It affects your dexterity (+2).
   It protects you from cold.
   It lets you see invisible.
 x - the ring of Enodaul {*Slow rPois rF+ MR+ Slay+2}
   (You found it in the Dungeon)

   [ring of protection from fire]

   It affects your accuracy and damage with ranged weapons and melee attacks
   (+2).
   It protects you from fire.
   It protects you from poison.
   It affects your resistance to hostile enchantments.
   It may slow you when you take damage.
 D - an uncursed ring of resist corrosion
 E - an uncursed ring of resist corrosion
 I - a +6 ring of strength (left hand)
Wands
 y - a wand of disintegration (7)
 B - a wand of iceblast (7)
 C - a wand of acid (7)
Scrolls
 k - 4 scrolls of blinking
 p - 7 scrolls of fog
 q - 2 scrolls of holy word
 s - 5 scrolls of remove curse
 t - 2 scrolls of fear
Potions
 e - 10 potions of curing
 g - 5 potions of heal wounds
 h - 6 potions of haste
 i - 6 potions of magic
 j - a potion of berserk rage
 u - 2 potions of brilliance
 w - 4 potions of resistance
 z - 5 potions of agility
 A - 5 potions of might
Books
 a - a manual of Dodging
 v - a manual of Armour
Comestibles
 f - 7 rations


   Skills:
 - Level 15.6 Fighting
 - Level 12.6 Polearms
 + Level 25.9 Bows
 + Level 9.5 Armour
 - Level 10.3 Dodging
 - Level 0.4 Stealth
 + Level 13.7 Invocations


You had 12 spell levels left.
You didn't know any spells.
Your spell library was empty.

Dungeon Overview and Level Annotations

Branches:
Dungeon (1/1)

Altars:
Ashenzari
Cheibriados
Dithmenos
Elyvilon
Fedhas
Gozag
Hepliaklqana
Kikubaaqudgha
Makhleb
Nemelex Xobeh
Okawaru
Qazlal
Ru
Sif Muna
Trog
Uskayaw
Vehumet
Wu Jian
Xom
Yredelemnul
Zin
The Shining One
Beogh
Jiyva
Lugonu


Innate Abilities, Weirdness & Mutations

You have hooves in place of feet.
Armour fits poorly on your strangely shaped body.
You cover ground very quickly.
You have extremely tough skin. (AC +3)


Message History

* * * LOW HITPOINT WARNING * * *
The storm dragon tramples you but does no damage.
The wandering mushroom releases spores at you but does no damage.
The wandering mushroom closely misses you.
The white draconian hits you but does no damage.
Magic courses through your body. The storm dragon bites you!
* * * LOW HITPOINT WARNING * * *
The storm dragon claws you but does no damage.
The storm dragon tramples you but does no damage.
The wandering mushroom releases spores at you!
* * * LOW HITPOINT WARNING * * *
You are engulfed in a cloud of spores!
The wandering mushroom releases spores at you but does no damage.
The storm dragon bites you.
* * * LOW HITPOINT WARNING * * *
The storm dragon misses you. The storm dragon closely misses you.
The white draconian hits you with a +0 mace.
* * * LOW HITPOINT WARNING * * *
The wandering mushroom releases spores at you!
You die...

▓........▓......
.[)()(..▓.▓))).▓.▓..).).
)=.=))..▓...©....▓..÷©).
▓...........▓▓▓▓▓▓▓▓▓▓▓▓▓▓▓▓
▓..........°▓...8©8...▓..8©8
........dzd▓..)[)}...▓..|)}
......dddd▓....))...▓..|.:
▓.....▓Dd▓.........▓.....
▓▓...▓▓▓@▓.........▓.....
▓..▓.....▓ff▓.........▓.....
▓.....©..fff▓.........▓.....
▓▓▓▓▓▓▓▓▓▓▓▓▓.▓.....▓.▓.▓...
▓....8©8....▓....©....▓...©.
▓..)).)).)..▓▓▓▓▓▓▓▓▓▓▓▓▓▓▓▓
▓...|)}.[...▓...8©8...▓..8©8
▓...........▓..)=:=}..▓).|=}
▓.....).....▓...)))...▓..))}


You could see a storm dragon, 2 draconians, a green draconian, 2 draconians, 2
draconians, a curse toe and 5 wandering mushrooms.

Vanquished Creatures
  A Hell Sentinel (D)
  3 death cobs (D)
  A shadow dragon (D)
  A stone giant (D)
  An ironheart preserver (D)
  A death ooze (D)
  2 great orbs of eyes (D)
  5 vault guards (D)
  2 dancing weapons (D)
  A sixfirhy (D)
  A glowing orange brain (D)
  2 deep elf archers (D)
  3 ironbrand convokers (D)
  4 deep elf magi (D)
  2 orc knights (D)
  3 slime creatures (D)
  2 naga magi (D)
  A smoke demon (D)
  4 draconians (D)
  2 yaktaurs (D)
  3 ice devils (D)
  An ancient zyme (D)
  A troll (D)
  A large abomination (D)
  Sigmund (D)
  A ynoxinul (D)
  A neqoxec (D)
  2 wargs (D)
  2 nagas (D)
  2 water moccasins (D)
  2 orc warriors (D)
  An eye of draining (shapeshifter) (D)
  An ice beast (D)
  An ogre (D)
  2 crimson imps (D)
  5 quasits (D)
  An orc priest (D)
  Crazy Yiuf (D)
  2 iron imps (D)
  A jelly (D)
  Jessica (D)
  2 orc wizards (D)
  3 white imps (D)
  3 ufetubi (D)
  3 oozes (D)
  An adder simulacrum (D)
  2 ball pythons (D)
89 creatures vanquished.

Vanquished Creatures (others)
  Pikel (D)
  Joseph (D)
  Eustachio (D)
  Grum (D)
  Menkaure (D)
5 creatures vanquished.

Grand Total: 94 creatures vanquished

Notes
Turn   | Place    | Note
-------+----------+-------------------------------------------
     0 | D        | Faca the Centaur Hunter began the quest for the Orb.
     0 | D        | Reached XP level 1. HP: 17/17 MP: 1/1
     3 | D        | Found a blossoming altar of Fedhas.
     4 | D        | Found the +6 Majin-Bo {vamp, Archmagi MP+6 Int+6}
     4 | D        | Found the +7 great mace "Firestarter" {inner flame, rF++}
     4 | D        | Found a viscous altar of Jiyva.
     4 | D        | Found a hazy altar of Hepliaklqana.
     4 | D        | Found a transporter.
     4 | D        | Found an opulent altar of Gozag.
     4 | D        | Found an ancient bone altar of Kikubaaqudgha.
     4 | D        | Found a corrupted altar of Lugonu.
     6 | D        | Killed Eustachio
    11 | D        | Found a burning altar of Makhleb.
    12 | D        | Found a sacrificial altar of Ru.
    12 | D        | Found a stormy altar of Qazlal.
    12 | D        | Found a shimmering blue altar of Sif Muna.
    12 | D        | Found an iron altar of Okawaru.
    12 | D        | Found a bloodstained altar of Trog.
    12 | D        | Found a sparkling altar of Nemelex Xobeh.
    30 | D        | Found the +6 shillelagh "Devastator" {shatter}
    30 | D        | Found the +11 plutonium sword {*Contam Stlth-}
    30 | D        | Found the +8 lance "Wyrmbane" {slay drac, rPois rF+ rC+
                  | AC+3}
    30 | D        | Found the +9 sword of Zonguldrok {reap}
    30 | D        | Found the cursed +13 scythe of Curses {drain, *Curse}
    30 | D        | Found the +0 sword of Power
    30 | D        | Found the +7 mace of Variability {chain chaos}
    30 | D        | Found the +7 Singing Sword {slice, sonic wave}
    30 | D        | Found the +8 storm bow {elec, penet}
    32 | D        | Found the +9 heavy crossbow "Sniper" {velocity, Acc+∞ SInv}
    32 | D        | Found the +10 dark maul {crush}
    32 | D        | Found the +15 Maxwell's patent armour {-Cast -Tele rElec
                  | MR+ rCorr}
    32 | D        | Found the +18 shield of the Gong {rElec rN+ MR+ EV-5}
    32 | D        | Found the cursed +14 obsidian axe {chop, +Fly SInv *Curse}
    37 | D        | Reached skill level 10 in Bows
    37 | D        | Reached XP level 2. HP: 24/24 MP: 2/2
    62 | D        | Became a worshipper of the Shining One
    75 | D        | Entered arena 2.
    75 | D        | Reached * piety under the Shining One
    75 | D        | Found a transporter.
    77 | D        | Reached skill level 11 in Bows
    88 | D        | Entered arena 3.
    88 | D        | Noticed Sigmund
    88 | D        | Reached ** piety under the Shining One
    88 | D        | Noticed Jessica
    88 | D        | Noticed Crazy Yiuf
    88 | D        | Found a transporter.
    89 | D        | Found the +2 hat of the Bear Spirit {Spirit, +Rage rN+
                  | MR++}
    96 | D        | The Shining One protects you from harm!
    97 | D        | Killed Sigmund
    97 | D        | Reached skill level 13 in Bows
    97 | D        | Reached XP level 3. HP: 12/38 MP: 3/3
    97 | D        | Reached XP level 4. HP: 15/45 MP: 4/4
    97 | D        | Reached XP level 5. HP: 17/51 MP: 5/5
    98 | D        | HP: 2/51 [Crazy Yiuf/+2 quarterstaff of chaos (15)]
   104 | D        | Killed Crazy Yiuf
   105 | D        | Killed Jessica
   124 | D        | Got the ring of Enodaul {*Slow rPois rF+ MR+ Slay+2}
   313 | D        | Entered arena 4.
   313 | D        | Noticed a +2 scimitar of flaming
   313 | D        | Reached *** piety under the Shining One
   313 | D        | Noticed a deep elf mage
   313 | D        | Noticed a deep elf mage
   313 | D        | Noticed a deep elf mage
   313 | D        | Found a transporter.
   321 | D        | Killed a deep elf mage
   321 | D        | Reached skill level 5 in Polearms
   321 | D        | Reached skill level 15 in Bows
   321 | D        | Reached XP level 6. HP: 31/64 MP: 3/6
   321 | D        | Reached XP level 7. HP: 34/70 MP: 3/7
   329 | D        | Killed a deep elf mage
   329 | D        | Reached skill level 10 in Fighting
   329 | D        | Reached skill level 16 in Bows
   329 | D        | Reached XP level 8. HP: 80/80 MP: 1/8
   331 | D        | Killed a deep elf mage
   335 | D        | Killed a +2 scimitar of flaming
   335 | D        | Reached skill level 17 in Bows
   335 | D        | Reached XP level 9. HP: 90/90 MP: 1/9
   423 | D        | Killed Joseph
   448 | D        | Entered arena 5.
   448 | D        | Noticed a deep elf mage
   448 | D        | Reached **** piety under the Shining One
   448 | D        | Noticed a +1 hand axe of venom
   448 | D        | Noticed a deep elf archer
   448 | D        | Found a transporter.
   456 | D        | Killed a +1 hand axe of venom
   456 | D        | Reached skill level 18 in Bows
   460 | D        | Killed a deep elf archer
   460 | D        | Reached skill level 10 in Polearms
   460 | D        | Reached skill level 5 in Invocations
   463 | D        | Killed a deep elf mage
   535 | D        | Killed Menkaure
   789 | D        | Entered arena 6.
   789 | D        | Noticed a draconian
   789 | D        | Noticed a draconian
   789 | D        | Noticed a death cob
   789 | D        | Noticed a draconian
   789 | D        | Reached ***** piety under the Shining One
   789 | D        | Noticed a draconian
   789 | D        | Found a transporter.
   797 | D        | Killed a death cob
   797 | D        | Reached skill level 20 in Bows
   797 | D        | Reached skill level 10 in Invocations
   797 | D        | Reached XP level 10. HP: 69/97 MP: 9/17
   800 | D        | Killed a draconian
   803 | D        | Killed a draconian
   806 | D        | Killed a draconian
   809 | D        | Killed a draconian
   932 | D        | Killed Pikel
   934 | D        | Killed Grum
  1003 | D        | Entered arena 7.
  1003 | D        | Reached ****** piety under the Shining One
  1013 | D        | Reached skill level 21 in Bows
  1029 | D        | Found a transporter.
  1040 | D        | Entered arena 8.
  1040 | D        | Noticed a vault guard
  1040 | D        | Noticed a vault guard
  1040 | D        | Noticed a deep elf archer
  1040 | D        | Noticed a vault guard
  1043 | D        | Reached XP level 11. HP: 104/104 MP: 19/19
  1046 | D        | Killed a vault guard
  1048 | D        | Killed a vault guard
  1048 | D        | Reached skill level 22 in Bows
  1052 | D        | Killed a vault guard
  1061 | D        | Found a transporter.
  1068 | D        | Killed a deep elf archer
  1316 | D        | Entered arena 9.
  1316 | D        | Noticed a sixfirhy
  1320 | D        | Killed a sixfirhy
  1323 | D        | Found a transporter.
  1367 | D        | Entered arena 10.
  1369 | D        | Reached skill level 23 in Bows
  1371 | D        | Reached skill level 5 in Dodging
  1376 | D        | Found a transporter.
  1400 | D        | Got the ring "Ukiusch" {Wiz Int+4}
  1405 | D        | Got the ring "Icuiwnaz" {rC+ Str+6 Dex+2 SInv}
  1414 | D        | Entered arena 11.
  1414 | D        | Noticed a vault guard
  1414 | D        | Noticed an orc knight
  1414 | D        | Noticed an ironbrand convoker
  1414 | D        | Noticed an ironbrand convoker
  1414 | D        | Noticed an ironbrand convoker
  1414 | D        | Noticed a glowing orange brain
  1414 | D        | Noticed an ironheart preserver
  1414 | D        | Noticed a stone giant
  1414 | D        | Noticed a vault guard
  1417 | D        | Killed an ironbrand convoker
  1418 | D        | Killed an ironbrand convoker
  1419 | D        | Killed a vault guard
  1420 | D        | Killed an ironbrand convoker
  1423 | D        | Killed a vault guard
  1423 | D        | Reached XP level 12. HP: 81/115 MP: 12/20
  1424 | D        | Killed an ironheart preserver
  1424 | D        | Reached skill level 24 in Bows
  1426 | D        | Killed a stone giant
  1429 | D        | Found a transporter.
  1562 | D        | Entered arena 12.
  1579 | D        | Reached skill level 10 in Dodging
  1599 | D        | Found a transporter.
  1922 | D        | Entered arena 13.
  1922 | D        | Noticed a great orb of eyes
  1929 | D        | Reached skill level 1 in Armour
  1933 | D        | Killed a great orb of eyes
  1934 | D        | Noticed a death ooze
  1934 | D        | Noticed a great orb of eyes
  1939 | D        | Killed a death ooze
  1939 | D        | Reached skill level 15 in Fighting
  1943 | D        | Killed a great orb of eyes
  1943 | D        | Reached skill level 25 in Bows
  1943 | D        | Reached skill level 5 in Armour
  1953 | D        | Found a transporter.
  1981 | D        | Entered arena 14.
  1983 | D        | Noticed a Hell Sentinel
  1996 | D        | Killed a Hell Sentinel
  2000 | D        | Found a transporter.
  2043 | D        | Entered arena 15.
  2048 | D        | Noticed a purple draconian
  2048 | D        | Noticed a yellow draconian
  2048 | D        | Noticed a white draconian
  2048 | D        | Noticed a storm dragon
  2048 | D        | Noticed a shadow dragon
  2048 | D        | Noticed a death cob
  2049 | D        | Noticed a green draconian
  2049 | D        | Identified the +6 morningstar "Puleschyt" {speed, rN+
                  | Str+4}
  2049 | D        | Noticed a white draconian
  2049 | D        | Noticed a curse toe
  2049 | D        | Identified the ring "Bazimus" {Ice +Blink rElec rPois
                  | Str-4}
  2049 | D        | Noticed a yellow draconian
  2049 | D        | Noticed a death cob
  2049 | D        | Noticed a green draconian
  2049 | D        | Noticed a purple draconian
  2054 | D        | Killed a death cob
  2054 | D        | Reached XP level 13. HP: 115/127 MP: 20/22
  2062 | D        | Killed a shadow dragon
  2063 | D        | Killed a death cob
  2065 | D        | HP: 5/127 [white draconian/+0 mace (2)]
  2065 | D        | Slain by a wandering mushroom

Levels and vault maps discovered:
D:        sprint_v [room_start, room_1, room_2, room_3, room_4, room_5, room_6,
          room_7, room_8, room_9, room_10, room_11, room_12, room_13, room_14,
          room_15, room_16, room_17, room_18, room_19, room_20, room_21,
          room_22, room_23, room_24, room_25, room_26, room_27]

Skill      XL: |  1  2  3  4  5  6  7  8  9 10 11 12 13 |
---------------+----------------------------------------+-----
Bows           | 10 13 15 16 17 20 21 23 25 | 25.9
Fighting       | 6 9 10 11 13 15 | 15.6
Polearms       | 5 6 8 10 11 12 | 12.6
Invocations    | 10 11 13 | 13.7
Dodging        | 8 10 | 10.3
Armour         | 8 9 |  9.5
Stealth        | |  0.4

Action                   |  1- 3 |  4- 6 |  7- 9 | 10-12 | 13-15 || total
-------------------------+-------+-------+-------+-------+-------++-------
Melee: Lance             |     4 |     8 |    29 |    77 |     6 ||   124
       Kick              |       |     2 |    13 |    26 |     2 ||    43
 Fire: Shortbow          |     8 |     5 |     3 |     4 |       ||    20
       Longbow           |       |       |       |    79 |       ||    79
Invok: Cleansing Flame   |       |       |       |     1 |     3 ||     4
  Use: Potion            |     1 |     1 |     5 |       |     2 ||     9
  Eat: Chunk             |       |       |       |     3 |       ||     3
Armor: Shadow dragon sca |    12 |    13 |    10 |       |       ||    35
       Storm dragon scal |       |       |    12 |    49 |    18 ||    79
Dodge: Dodged            |     2 |     4 |     8 |    45 |    15 ||    74

Table legend:
 A = Non-vault XP
 B = Vault XP
 C = Vault XP percentage of total XP
 D = Non-vault monster count
 E = Vault monster count
 F = Vault count percentage of total count
                 A         B        C        D         E       F
            +---------+---------+-------+---------+---------+-------
      Total |     278 |   42401 |  99.3 |       1 |      88 |  98.9
            +---------+---------+-------+---------+---------+-------
          D |     278 |   42401 |  99.3 |       1 |      88 |  98.9
            +---------+---------+-------+---------+---------+-------
